 Dungeon Crawl Stone Soup version 0.29.1-13-g9f3cf754e1 (webtiles) character file.

Game seed: 6575606117488307238

25 bjubeck the Covered (level 2, -4/27 HPs)
             Began as a Minotaur Fighter on Jan 31, 2023.
             Killed by divine providence
             ... invoked by an orc priest
              (10 damage)
             ... on level 1 of the Dungeon.
             The game lasted 00:02:02 (829 turns).

bjubeck the Covered (Minotaur Fighter)               Turns: 829, Time: 00:02:02

Health: -4/27      AC:  7    Str: 20    XL:     2   Next: 86%
Magic:  1/1        EV:  9    Int:  5    God:
Gold:   42         SH:  4    Dex:  9    Spells: 1/1 levels left

rFire   . . .      SeeInvis .   a - +0 war axe
rCold   . . .      Faith    .   c - +0 buckler
rNeg    . . .      Spirit   .   b - +0 scale mail
rPois   .          Reflect  .   (helmet restricted)
rElec   .          Harm     .   (no cloak)
rCorr   .          Rampage  .   (no gloves)
Will    .....                   (no boots)
Stlth   ..........              (no amulet)
HPRegen 0.09/turn               (no ring)
MPRegen 0.07/turn               (no ring)

@: no status effects
A: horns 2, retaliatory headbutt
a: no special abilities


You were on level 1 of the Dungeon.
You visited 1 branch of the dungeon, and saw 1 of its levels.

You collected 42 gold pieces.

Inventory:

Hand Weapons
 a - a +0 war axe (weapon)
Armour
 b - a +0 scale mail (worn)
 c - a +0 buckler (worn)
Scrolls
 f - a scroll of vulnerability {unknown}
 g - a scroll of poison {unknown}
 h - 2 scrolls of immolation {unknown}
Potions
 d - a potion of might
 e - a potion of heal wounds {unknown}
 i - a potion of attraction {unknown}
 j - a potion of haste {unknown}


   Skills:
 * Level 4.0 Fighting
 * Level 2.9 Axes
 + Level 4.0 Armour
 * Level 0.4 Dodging
 + Level 3.9 Shields


You had one spell level left.
You didn't know any spells.
Your spell library was empty.

Dungeon Overview and Level Annotations

Branches:
Dungeon (1/15)

Altars:


Innate Abilities, Weirdness & Mutations

You have a pair of horns on your head.
You reflexively headbutt those who attack you in melee.


Message History

The orc shouts!
The orc shouts!
The orc shouts!
Could not explore, unopened runed door.
You open the large door. You hit the orc priest.
The orc priest is moderately wounded.
You slash the orc!
You kill the orc!
The orc priest hits you with a +0 whip.
The orc warrior hits you from afar with a +0 halberd.
You hit the orc priest but do no damage.
You headbutt the orc priest, but do no damage.
The orc priest is moderately wounded.
You barely miss the orc. You hit the orc but do no damage.
You block the orc priest's attack. The orc warrior completely misses you.
The orc closely misses you. The orc barely misses you.
You hit the orc priest but do no damage.
The orc priest is moderately wounded.
You slash the orc!
You kill the orc!
You hit the orc. You completely miss the orc.
The orc priest calls down the wrath of Beogh upon you.
Pain shoots through your body! The orc hits you with a +0 dagger.
The orc priest casts a cantrip, but nothing happens.
The orc warrior hits you from afar with a +0 halberd!
* * * LOW HITPOINT WARNING * * *
You block the orc's attack. The orc hits you but does no damage.
You are too injured to fight recklessly!
You are too injured to fight recklessly!
The orc attacks as you move away! The orc hits you but does no damage.
The orc priest barely misses you.
The orc priest attacks as you move away!
The orc priest hits you but does no damage.
The orc attacks as you move away! You block the orc's attack.
The orc priest calls upon Beogh to heal the orc.
The orc's wounds heal themselves!
The orc priest mumbles some strange prayers to Beogh against you.
Beogh smites you!
You die...

###############################.#
##.#....##....................#.#
..#...#.#..#....#.............#.#
.#.....#...#...#........###...#.#
#..#..##......................#.#
#..#..##..#...#....########...#.#
##...#..##...#....## ♣.♣.#...#.#
.#..#...#..#.....#####....#...#.#
.##......##.....@8.#.#._..#.....#
#.#..[#.........oooooo....#...#.#
.#...#..##.##.....o.o)....#...#..
#..#...#...#.....8.#.#.8..#)..#.#
.##......#.......#####....#...#.#
...#....###...##..## ♣.♣.#...#..
.##....#....#...#..########...#.#
#...##........................#..
###############################.#


You could see an orc warrior, 2 orc priests and 5 orcs.

Vanquished Creatures
  2 orcs (D:1)
  2 ball pythons (D:1)
  An endoplasm (D:1)
  A giant cockroach (D:1)
  A hobgoblin (D:1)
  4 jackals (D:1)
  2 kobolds (D:1)
  A quokka (D:1)
  3 bats (D:1)
  2 goblins (D:1)
  A rat (D:1)
20 creatures vanquished.

Notes
Turn   | Place    | Note
-------+----------+-------------------------------------------
     0 | D:1      | bjubeck the Minotaur Fighter began the quest for the Orb.
     0 | D:1      | Reached XP level 1. HP: 19/19 MP: 0/0
    22 | D:1      | Found a large runed translucent door.
    22 | D:1      | Found a large runed translucent door.
    27 | D:1      | Noticed an orc priest
    27 | D:1      | Noticed an orc priest
    27 | D:1      | Noticed an orc warrior
   123 | D:1      | Reached XP level 2. HP: 27/27 MP: 1/1
   188 | D:1      | Found a faded altar of an unknown god.
   829 | D:1      | Killed from afar by an orc priest

Illustrated notes

Levels and vault maps discovered:
D:1:      erik_arrival_cave_to_civilisation [erik_arrival_cave_to_temple],
          layout_basic, ebering_ecumenical_altar_mist, chequers_mini_garden

Skill      XL: |  1  2 |
---------------+-------+-----
Armour         | 4 |  4.0
Fighting       | 4 |  4.0
Axes           | |  2.9
Dodging        | |  0.4
Shields        | |  3.9

Action                   || total
-------------------------++-------
Melee: War axe           ||    34
       Headbutt          ||     4
Armor: Scale mail        ||    18
Dodge: Dodged            ||    29
Block: Buckler           ||     8
